 Dungeon Crawl Stone Soup version 0.29-a0-1023-g6ae1a4a2c7 (webtiles) character file.

Game seed: 16515020933493432708

952 flotson the Trooper (level 7, -2/55 HPs)
             Began as a Demonspawn Delver on Aug 11, 2022.
             Slain by a killer bee (5 damage)
             ... on level 6 of the Dungeon.
             The game lasted 00:09:35 (6574 turns).

flotson the Trooper (Demonspawn Delver)             Turns: 6574, Time: 00:09:38

Health: -2/55      AC: 19    Str: 14    XL:     7   Next: 90%
Magic:  7/7        EV:  7    Int: 12    God:
Gold:   320        SH:  0    Dex: 20    Spells: 6/6 levels left

rFire   + . .      SeeInvis .   H - +5 dire flail (protect)
rCold   . . .      Faith    .   (shield currently unavailable)
rNeg    . . .      Spirit   .   L - +1 chain mail {rF+}
rPois   .          Reflect  .   p - +2 helmet
rElec   .          Harm     .   (no cloak)
rCorr   .          Rampage  .   j - +2 pair of gloves
Will    .....                   e - +0 pair of boots
Stlth   ..........              (no amulet)
HPRegen 0.18/turn               l - +6 ring of dexterity
MPRegen 0.10/turn               (no ring)

@: no status effects
A: hooves 1, thin metallic scales 1, demonic magic 1
a: no special abilities


You were on level 6 of the Dungeon.
You visited 1 branch of the dungeon, and saw 6 of its levels.

You collected 320 gold pieces.

Inventory:

Hand Weapons
 b - a +2 quarterstaff of draining
 i - a +0 war axe
 s - a +0 flail of draining
 y - a +0 spear of venom
 H - a +5 dire flail of protection (weapon)
Missiles
 C - a curare-tipped dart (quivered)
 D - 8 poisoned darts
Armour
 e - a +0 pair of boots (worn)
 j - a +2 pair of gloves (worn)
 p - a +2 helmet (worn)
 L - a +1 chain mail of fire resistance (worn)
Jewellery
 l - a +6 ring of dexterity (left hand)
Wands
 g - a wand of digging (3)
Scrolls
 c - a scroll of fog
 k - 3 scrolls of enchant weapon
 n - a scroll of summoning {unknown}
 q - 2 scrolls of acquirement {unknown}
 t - 2 scrolls of torment
 v - 2 scrolls of amnesia {unknown}
 w - a scroll of fear
 x - 3 scrolls of identify
 F - a scroll of enchant armour {unknown}
 J - a scroll of teleportation {unknown}
 K - a scroll of noise {unknown}
Potions
 a - a potion of curing {unknown}
 d - 2 potions of attraction {unknown}
 f - 3 potions of berserk rage {unknown}
 h - 2 potions of brilliance {unknown}
 m - 2 potions of haste
 o - 2 potions of flight {unknown}
 r - a potion of heal wounds {unknown}
 u - 3 potions of resistance {unknown}
 z - 2 potions of magic {unknown}
 A - 2 potions of degeneration {unknown}
 B - 2 potions of mutation {unknown}
 E - 3 potions of might {unknown}
 I - a potion of invisibility {unknown}


   Skills:
 + Level 4.6 Fighting
 + Level 1.9 Axes
 + Level 4.5 Throwing
 + Level 3.1 Armour
 + Level 3.7 Dodging
 - Level 4.5 Stealth
 + Level 3.4 Evocations


You had 6 spell levels left.
You didn't know any spells.
Your spell library contained the following spells:

 Spells                   Type           Power      Damage    Failure   Level
 Ensorcelled Hibernation  Hex/Ice        0%         N/A       100%        2
 Passwall                 Tmut/Erth      0%         N/A       100%        2
 Dazzling Flash           Conj/Hex       0%         N/A       100%        3
 Swiftness                Air            0%         N/A       100%        3
 Agony                    Necr           0%         N/A       100%        5
 Blade Hands              Tmut           0%         N/A       100%        5
 Irradiate                Conj/Tmut      0%         3d11      100%        5
 Silence                  Hex/Air        0%         N/A       100%        5
 Conjure Ball Lightning   Conj/Air       0%         3x3d6     100%        6
 Dragon Form              Tmut           0%         N/A       100%        7
 Discord                  Hex            0%         N/A       100%        8
 Disjunction              Tloc           0%         N/A       100%        8


Dungeon Overview and Level Annotations

Branches:
Dungeon (6/15)
 Temple: D:4-7

Altars:


Innate Abilities, Weirdness & Mutations

You have large cloven feet.
You are partially covered in thin metallic scales. (AC +2)
Spells you cast may paralyse adjacent enemies.


Message History

The killer bee stings you but does no damage.
The killer bee closely misses you.
You barely miss the killer bee.
The killer bee is severely wounded.
You hear the slow rusting of a very distant drain.
You feel very sick. The killer bee closely misses you.
The killer bee stings you but does no damage. x2
You sock the killer bee!
Your weapon exudes an aura of protection.
You kill the killer bee!
You feel sick.
The killer bee stings you but does no damage.
You closely miss the killer bee.
You feel sick.
The killer bee stings you but does no damage.
The killer bee barely misses you. x2
You miss the killer bee.
You feel sick.
The killer bee stings you but does no damage.
The killer bee closely misses you.
You hit the killer bee.
Your weapon exudes an aura of protection.
The killer bee is moderately wounded.
You feel sick. The killer bee stings you.
* * * LOW HITPOINT WARNING * * *
The killer bee stings you but does no damage.
The killer bee stings you.
* * * LOW HITPOINT WARNING * * *
As you read the scroll labelled JENGEAZX YXTO, it crumbles to dust.
It is a scroll of identify.
k - 3 scrolls of enchant weapon You feel sick.
The killer bee closely misses you. The killer bee barely misses you.
As you read the scroll labelled YCAULE HAPTU, it crumbles to dust.
Your body is wracked with pain!
* * * LOW HITPOINT WARNING * * *
The killer bee convulses! x4; It was a scroll of torment.
You feel sick.
You are no longer poisoned.
The killer bee stings you but does no damage.
The killer bee stings you.
You die...

.........# .........#
.###.....######## ..
...........†....####....
........................
.##############..####..
.# ##.# #.# #@# #y##
#yy# ##y# ... ....#
.....# ....... #.....#.#


You could see 4 killer bees.

Vanquished Creatures
  Edmund (D:4)
  A black bear (D:5)
  A centaur (D:5)
  2 phantoms
  Blork the orc (D:5)
  A necrophage (D:4)
  A scorpion (D:5)
  A killer bee (D:6)
  2 hounds
  An orc priest (D:2)
  An orc wizard (D:3)
  Robin (D:4)
  4 adders
  A shadow imp (D:5)
  A worm (D:3)
  5 dart slugs
  18 orcs
  4 bats
  7 endoplasms
  A giant cockroach (D:1)
  12 goblins
  10 hobgoblins
  13 jackals
  7 kobolds
  3 quokkas
  5 ball pythons
  4 frilled lizards
  5 rats
114 creatures vanquished.

Vanquished Creatures (others)
  A fungus (D:1)
  5 plants
6 creatures vanquished.

Grand Total: 120 creatures vanquished

Notes
Turn   | Place    | Note
-------+----------+-------------------------------------------
     0 | D:5      | flotson the Demonspawn Delver began the quest for the Orb.
     0 | D:5      | Reached XP level 1. HP: 18/18 MP: 1/1
    29 | D:5      | Noticed Blork the orc
    38 | D:5      | Noticed a phantom
   590 | D:1      | Gained mutation: You are partially covered in thin metallic
                  | scales. (AC +2) [demonic ancestry]
   590 | D:1      | Reached XP level 2. HP: 24/24 MP: 2/2
   895 | D:1      | Reached skill level 1 in Throwing
   983 | D:1      | Reached XP level 3. HP: 29/29 MP: 3/3
  1230 | D:1      | Found a faded altar of an unknown god.
  1238 | D:1      | Reached skill level 1 in Armour
  1904 | D:2      | Reached skill level 1 in Evocations
  2630 | D:3      | Gained mutation: You have large cloven feet. [demonic
                  | ancestry]
  2630 | D:3      | Reached XP level 4. HP: 35/35 MP: 4/4
  3190 | D:2      | Reached XP level 5. HP: 16/34 MP: 5/5
  4165 | D:4      | Noticed Robin
  4172 | D:4      | Noticed Edmund
  4181 | D:4      | Killed Robin
  4523 | D:4      | Noticed a phantom
  4535 | D:4      | Killed a phantom
  4536 | D:4      | Gained mutation: Spells you cast may paralyse adjacent
                  | enemies. [demonic ancestry]
  4536 | D:4      | Reached XP level 6. HP: 43/48 MP: 6/6
  5279 | D:4      | Killed Edmund
  5661 | D:5      | Killed Blork the orc
  5662 | D:5      | Reached XP level 7. HP: 42/54 MP: 7/7
  5842 | D:5      | Identified the +1 leather armour "Hipeosi" {Slay+2}
  6574 | D:6      | Slain by a killer bee

Illustrated notes

Levels and vault maps discovered:
D:1:      psy_arrival_spokes, layout_basic,
          shapermc_ecumenical_altar_mp_urbaneastern
D:2:      layout_loops_ring
D:3:      layout_basic, minivault_24, chequers_serial_rivers_marsh,
          nrook_mini_vaults, minmay_starry_boxes
D:4:      layout_loops_corners, kennysheep_flooded_box, uniq_robin, uniq_edmund
D:5:      layout_gridville, serial_bayou, serial_bayou_pond_d,
          serial_bayou_lake_a, serial_bayou_shore_a, serial_bayou_pond_e,
          serial_bayou_pond_a, hangedman_abyss_or_decor_stagger,
          uniq_blork_the_orc
D:6:      layout_basic, kennysheep_mini_moat, gup_sewer_entry_pipe

Skill      XL: |  1  2  3  4  5  6  7 |
---------------+----------------------+-----
Dodging        | 2 3 |  3.7
Throwing       | 1 2 3 4 |  4.5
Armour         | 1 2 3 |  3.1
Evocations     | 1 2 3 |  3.4
Fighting       | 4 |  4.6
Axes           | |  1.9
Stealth        | |  4.5

Action                   |  1- 3 |  4- 6 |  7- 9 || total
-------------------------+-------+-------+-------++-------
Melee: Hand axe          |     7 |       |       ||     7
       War axe           |    85 |       |       ||    85
       Punch             |     3 |       |       ||     3
       Flail             |    29 |    46 |       ||    75
       Quarterstaff      |       |   103 |    51 ||   154
       Dire flail        |       |       |    14 ||    14
Throw: Dart              |       |     4 |       ||     4
  Use: Scroll            |     2 |     2 |     2 ||     6
       Potion            |     1 |       |       ||     1
 Stab: Sleeping          |     9 |     2 |     2 ||    13
       Distracted        |       |     1 |       ||     1
Armor: Leather armour    |    44 |    11 |       ||    55
       Ring mail         |       |    88 |    42 ||   130
       Chain mail        |       |       |    18 ||    18
Dodge: Dodged            |    90 |   125 |    68 ||   283

Table legend: (Time is in decaauts)
 A = Elapsed time spent in this place.
 B = Non-inter-level travel time spent in this place.
 C = Inter-level travel time spent in this place.
 D = Time resting spent in this place.
 E = Time spent auto-exploring this place.
 F = Levels seen in this place.
 G = Mean time per level.
                   A        B        C        D        E       F      G
               +--------+--------+--------+--------+--------+-----+--------+
         Total |   6701 |   6459 |    242 |    784 |   4617 |   6 | 1116.8 |
       Dungeon |   6701 |   6459 |    242 |    784 |   4617 |   6 | 1116.8 |
               +--------+--------+--------+--------+--------+-----+--------+

Top non-repeatable levels by time:
     D:3: 1780 daAuts
     D:4: 1701 daAuts
     D:1: 1096 daAuts
     D:2: 1094 daAuts
     D:5: 972 daAuts
     D:6: 56 daAuts
